 Dungeon Crawl Stone Soup version 0.23-a0-375-g66a18ee (webtiles) character file.

15 RoseArtemis the Sneak (level 2, 0/13 HPs)
             Began as a Spriggan Enchanter on Oct 26, 2018.
             Slain by a ball python (1 damage)
             ... on level 2 of the Dungeon.
             The game lasted 00:02:38 (1331 turns).

RoseArtemis the Sneak (Spriggan Enchanter)          Turns: 1331, Time: 00:02:38

Health: 0/13       AC:  2    Str:  4    XL:     2   Next: 34%
Magic:  0/6        EV: 15    Int: 16    God:
Gold:   62         SH:  0    Dex: 16    Spells: 3/6 levels left

rFire    . . .     SeeInvis +   a - +1 dagger
rCold    . . .     Gourm    .   (shield restricted)
rNeg     . . .     Faith    .   b - +0 robe
rPois    .         Spirit   .   (helmet restricted)
rElec    .         Reflect  .   (no cloak)
rCorr    .         Harm     .   (gloves unavailable)
MR       .....                  (boots unavailable)
Stlth    +++.......             (no amulet)
HPRegen  0.04/turn              (no ring)
MPRegen  0.10/turn              (no ring)

@: very slightly contaminated, constricted, very quick
A: very small, unfitting armour, see invisible, herbivore, speed 3, slow
metabolism 2
a: no special abilities


You were on level 2 of the Dungeon.
You were not hungry.

You visited 1 branch of the dungeon, and saw 2 of its levels.

You collected 62 gold pieces.

Inventory:

Hand Weapons
 a - a +1 dagger (weapon)
Armour
 b - a +0 robe (worn)
Jewellery
 e - an uncursed ring of positive energy {unknown}
 h - an uncursed amulet of regeneration {unknown}
Scrolls
 c - 3 scrolls of identify {unknown}
 f - 2 scrolls of immolation {unknown}
 i - a scroll of teleportation {unknown}
 j - 2 scrolls of enchant weapon {unknown}
Potions
 g - a potion of lignification {unknown}
 k - a potion of cancellation {unknown}
Comestibles
 d - 2 rations


   Skills:
 + Level 1.8 Short Blades
 + Level 3.3 Dodging
 + Level 4.7 Stealth
 - Level 2.6 Spellcasting
 * Level 3.9 Hexes


You had 3 spell levels left.
You knew the following spells:

 Your Spells              Type           Power        Failure   Level  Hunger
a - Corona                Hex            ##.....      4%          1    #......
b - Ensorcelled Hibernat  Hex/Ice        #.....       13%         2    ##.....

Your spell library contained the following spells:

 Spells                   Type           Power        Failure   Level  Hunger
 Confuse                  Hex            ##......     12%         3    ###....
 Tukima's Dance           Hex            ##......     12%         3    ###....
 Dazzling Spray           Conj/Hex       #.....       26%         3    ###....


Dungeon Overview and Level Annotations

Branches:
Dungeon (2/15)

Altars:


Innate Abilities, Weirdness & Mutations

You are very small and have problems with some larger weapons.
You are too small for most types of armour.
You have supernaturally acute eyesight. (SInv)
You are a herbivore.
You cover ground extremely quickly.
You need to consume almost no food.


Message History

The ball python constricts you.
Aim: a ball python (moderately wounded, constricting you, chance to defeat MR: The ball python resists with significant effort.
The ball python closely misses you.
* * * LOW HITPOINT WARNING * * *
The ball python constricts you.
Aim: a ball python (moderately wounded, constricting you, chance to defeat MR: You miscast Ensorcelled Hibernation.
You are very lightly contaminated with residual magic.
Your skin tingles.
The ball python misses you. The ball python constricts you.
You hit the ball python. The ball python closely misses you.
* * * LOW HITPOINT WARNING * * *
The ball python constricts you.
You barely miss the ball python. The ball python closely misses you.
The ball python constricts you.
You hit the ball python but do no damage.
The ball python completely misses you. The ball python constricts you.
The ball python bites you.
* * * LOW HITPOINT WARNING * * *
You die...

######..##
#># ##..#
#.#####
#..#
#...(.#
#.#
##....# .#
##.^#### #
#..##
#.#####.##
........##
..>##...@#
##.#S)#
...##.#
##.. .#
#.. .. #..
... ...
.#.# .#..


You could see a ball python.

Vanquished Creatures
  A giant cockroach (D:1)
  5 goblins
  2 hobgoblins (D:1)
  2 frilled lizards (D:1)
  2 kobolds (D:1)
  2 rats
14 creatures vanquished.

Notes
Turn   | Place    | Note
-------+----------+-------------------------------------------
     0 | D:1      | RoseArtemis the Spriggan Enchanter began the quest for the
                  | Orb.
     0 | D:1      | Reached XP level 1. HP: 9/9 MP: 5/5
   569 | D:1      | Reached XP level 2. HP: 13/13 MP: 6/6
  1117 | D:1      | Learned a level 2 spell: Ensorcelled Hibernation
  1331 | D:2      | Slain by a ball python

Vault maps used:
D:1:      nzn_arrival_depleted_hourglass
D:2:      kiku_gazebo_pond_becter, lemuel_doored_altar,
          makhleb_blood_cavern_becter, chequers_ecumenical_altar_simple,
          minmay_misc_feat_encased

Action                   || total
-------------------------++-------
Melee: Dagger            ||    64
 Cast: Corona            ||     7
       Ensorcelled Hiber ||     2
 Stab: Sleeping          ||     3
Armor: Robe              ||     4
Dodge: Dodged            ||    45

Table legend:
 A = Non-vault XP
 B = Vault XP
 C = Vault XP percentage of total XP
 D = Non-vault monster count
 E = Vault monster count
 F = Vault count percentage of total count
                 A         B        C        D         E       F
            +---------+---------+-------+---------+---------+-------
      Total |      22 |       0 |   0.0 |      14 |       0 |   0.0
            +---------+---------+-------+---------+---------+-------
        D:1 |      17 |       0 |   0.0 |      11 |       0 |   0.0
        D:2 |       5 |       0 |   0.0 |       3 |       0 |   0.0
            +---------+---------+-------+---------+---------+-------
